Map: Ruins of Seras

Players

Wintersc2 (Winter)

  • Race: Terran Terran

HuK - Winner!

  • Race: Protoss Protoss

VOD

Have the link to the VOD?

Description

Time

  • Played on: April 6, 2015, 12:47 a.m.
  • Length: 14:31
Show
View Real Time Build Order
Export as new Build Order

Wintersc2 Terran 

Build Orders: MMM Bio 

Get SALT Encoding   

  12  0:00  SCV  
  13  0:13  SCV  
  14  0:18  Supply Depot  
  14  0:25  SCV  
  15  0:39  SCV  
  16  0:45  Barracks  
  16  0:51  SCV  
  17  1:03  SCV  
  18  1:15  Command Center  
  18  1:19  SCV  
  19  1:32  Marine  
  19  1:37  Orbital Command  
  20  1:42  Barracks  
  20  1:54  Barracks  
  20  1:55  Marine  
  21  2:01  Refinery  
  21  2:06  SCV  
  22  2:15  Marine  
  23  2:27  SCV  
  23  2:28  Orbital Command  
  24  2:37  Barracks, Marine  
  24  2:38  Marine  
  24  2:39  SCV  
  24  2:43  Barracks Tech Lab  
  28  2:51  SCV  
  28  2:55  Marine  
  28  2:56  Marine  
  30  3:02  SCV  
  30  3:04  SCV  
  31  3:05  Marine  
  32  3:13  Supply Depot  
  32  3:14  SCV, Stimpack  
  32  3:16  SCV  
  32  3:17  Refinery, Marine  
  35  3:20  Marine  
  35  3:26  SCV  
  37  3:28  SCV  
  37  3:29  Supply Depot  
  38  3:34  Marine x2  
  38  3:38  SCV  
  38  3:40  SCV, Marine x2  
  44  3:49  Missile Turret  
  44  3:50  SCV  
  44  3:51  Missile Turret  
  44  3:53  SCV  
  46  3:58  Factory  
  46  4:02  SCV  
  47  4:05  SCV  
  47  4:07  Barracks Reactor, Barracks Tech Lab  
  47  4:08  Barracks Reactor  
  48  4:13  Refinery  
  48  4:14  SCV  
  50  4:17  SCV  
  50  4:20  Marauder  
  52  4:26  SCV  
  52  4:29  SCV, Supply Depot  
  54  4:41  SCV  
  54  4:45  SCV, Starport  
  54  4:46  Engineering Bay  
  54  4:48  Marine  
  50  4:53  SCV  
  50  4:55  Marauder, Marine  
  50  4:56  Factory Reactor, Missile Turret  
  50  4:57  SCV  
  52  5:00  Supply Depot, Refinery, Marine  
  52  5:03  Combat Shields  
  52  5:06  SCV, Marauder  
  56  5:09  SCV  
  56  5:13  Supply Depot  
  57  5:17  Terran Infantry Weapons Level 1, Missile Turret  
  57  5:22  Marine x4  
  57  5:23  Marauder  
  57  5:26  SCV  
  64  5:29  Concussive Shells  
  64  5:31  SCV  
  58  5:40  Marine  
  56  5:44  Marauder  
  56  5:45  Medivac, Widow Mine  
  57  5:53  Marine  
  57  5:54  Marine  
  57  5:55  Marine  
  57  5:56  Marine  
  58  6:01  SCV  
  58  6:02  Marine  
  57  6:15  Medivac  
  53  6:22  Marine  
  53  6:23  Marauder  
  53  6:25  Marine x2  
  52  6:32  Marine  
  52  6:33  Marauder  
  52  6:38  SCV  
  52  6:39  SCV  
  54  6:40  Marine  
  54  6:44  Marauder  
  57  6:51  SCV x2  
  57  6:54  Marine  
  60  7:02  Marauder, Marine x2  
  60  7:03  SCV x2  
  60  7:05  Medivac x2  
  60  7:07  Marauder  
  72  7:15  SCV  
  71  7:21  Marine x3  
  71  7:22  Marine  
  75  7:24  Marauder  
  75  7:28  Marauder  
  75  7:39  Marine x3  
  78  7:54  Marine  
  78  7:55  SCV, Marauder x2  
  78  7:56  Marine  
  78  7:57  Terran Infantry Armor Level 1, SCV, Marine x2  
  88  8:00  Supply Depot  
  88  8:02  Supply Depot  
  88  8:04  Medivac  
  88  8:05  Command Center  
  90  8:12  Marine  
  91  8:16  Marauder  
  91  8:18  Marine  
  94  8:21  SCV, Marine  
  94  8:22  Marauder  
  94  8:24  Marine  
  99  8:30  Marine  
  99  8:32  SCV  
  101  8:36  Marine  
  101  8:37  Marauder  
  101  8:39  Marine  
  105  8:42  Marine  
  105  8:43  Medivac, Marauder  
  110  8:55  Marine  
  110  9:16  Medivac, Marine x5  
  117  9:17  SCV  
  117  9:18  Orbital Command  
  117  9:21  Supply Depot  
  117  9:22  Supply Depot  
  118  9:26  Marine  
  117  9:34  Marine  
  117  9:36  Marine x2  
  117  9:37  Marauder, Marine  
  101  9:44  Marauder  
  90  9:47  Medivac x2  
  90  9:51  Marine  
  90  9:52  Orbital Command  
  95  9:54  Marine x2  
  95  9:59  Marauder  
  95  10:05  Marine  
  95  10:06  Marine  
  92  10:13  Marine x3  
  83  10:20  Marauder  
  75  10:22  Widow Mine  
  75  10:23  Marine  
  75  10:24  SCV, Marauder  
  75  10:26  SCV  
  82  10:31  Marine  
  82  10:37  Marine x2  
  82  10:38  SCV  
  82  10:41  Marine x2  
  87  10:46  Medivac  
  89  10:51  Widow Mine  
  73  11:19  Widow Mine  
  73  11:24  Marine x2  
  62  11:27  Marine x2  
  62  11:30  SCV x3  
  66  11:36  Marine, Medivac x2  
  66  11:37  Marauder  
  73  11:42  SCV, Marine  
  73  11:43  SCV x2  
  73  11:45  Marine  
  73  11:46  Marine  
  76  11:54  SCV  
  76  11:55  SCV, Marauder  
  76  11:57  Marine  
  76  11:58  Marauder  
  76  12:00  Marine  
  76  12:01  SCV  
  85  12:03  Marine x2  
  85  12:05  Medivac  
  85  12:07  SCV x2  
  91  12:13  SCV  
  91  12:15  Marine  
  92  12:16  Marauder  
  92  12:18  Marine  
  92  12:19  Marine  
  92  12:21  SCV, Marine  
  96  12:26  Marine  
  97  12:33  Marine  
  97  12:36  Marine  
  99  12:37  Marine  
  99  12:41  Marauder, Marine  
  99  12:42  Medivac x2  
  107  12:44  Marine  
  108  12:53  SCV x2  
  108  12:55  Marauder  
  108  12:56  SCV  
  113  13:03  Marauder  
  113  13:05  SCV, Marine x2  
  117  13:06  SCV  
  117  13:08  SCV  
  120  13:16  Marauder  
  120  13:18  SCV  
  120  13:19  Marine x2  
  125  13:20  Medivac  
  125  13:24  Marauder  
  129  13:27  SCV  
  130  13:38  Marine x2, Marauder  
  130  13:39  Marine  
  130  13:45  Marauder  
  131  13:59  Marauder  
  115  14:11  Marine  
  115  14:13  Marine  
Show
View Real Time Build Order
Export as new Build Order

HuK Protoss - Winner!

Build Orders: Nexus First, Oracle Opening, Blink Stalkers, Disruptor Archon 

Get SALT Encoding   

  12  0:10  Pylon  
  12  0:13  Probe  
  13  0:25  Probe  
  14  0:37  Probe  
  15  0:49  Probe  
  16  1:01  Probe  
  17  1:08  Nexus  
  17  1:16  Gateway, Probe  
  18  1:22  Assimilator  
  18  1:28  Probe  
  18  1:29  Assimilator  
  19  1:40  Probe (Chrono Boost), Pylon  
  20  1:51  Probe (Chrono Boost)  
  21  1:58  Probe (Chrono Boost)  
  22  2:05  Cybernetics Core  
  22  2:09  Probe (Chrono Boost)  
  23  2:17  Zealot  
  23  2:19  Probe (Chrono Boost)  
  23  2:22  Probe (Chrono Boost)  
  27  2:27  Probe (Chrono Boost)  
  29  2:32  Probe (Chrono Boost)  
  29  2:34  Probe (Chrono Boost)  
  30  2:39  Probe  
  30  2:42  Warp Gate (Chrono Boost)  
  30  2:43  Probe (Chrono Boost)  
  32  2:44  Stalker  
  34  2:56  Mothership Core (Chrono Boost)  
  37  3:01  Probe (Chrono Boost)  
  37  3:05  Stargate  
  37  3:08  Probe (Chrono Boost)  
  37  3:10  Probe, Pylon  
  39  3:22  Probe x2  
  39  3:25  Assimilator  
  41  3:27  Pylon  
  41  3:29  Assimilator  
  41  3:31  Stalker  
  41  3:34  Probe x2  
  45  3:42  Gateway  
  45  3:45  Gateway  
  46  3:48  Probe  
  46  3:53  Stalker  
  46  4:02  Probe x2, Oracle (Chrono Boost)  
  51  4:14  Probe  
  52  4:17  Pylon x2  
  52  4:21  Probe  
  53  4:27  Probe  
  54  4:33  Probe  
  54  4:37  Pylon  
  55  4:42  Stalker x3  
  55  4:43  Pylon  
  60  4:57  Probe  
  60  4:59  Probe  
  62  5:03  Twilight Council  
  62  5:07  Stalker x3  
  68  5:18  Pylon  
  65  5:30  Stalker x2  
  65  5:31  Stalker  
  65  5:41  Probe x2  
  65  5:42  Blink (Chrono Boost)  
  65  5:47  Nexus  
  65  5:52  Stalker x2  
  63  5:57  Stalker  
  65  6:07  Probe x2  
  67  6:15  Stalker x2, Oracle  
  70  6:25  Stalker  
  70  6:27  Probe x2  
  68  6:39  Probe  
  65  6:40  Stalker x2  
  69  6:51  Stalker  
  69  6:52  Gateway, Pylon  
  69  6:53  Gateway  
  71  7:01  Robotics Facility  
  71  7:03  Probe x2  
  71  7:04  Forge  
  71  7:07  Stalker  
  75  7:09  Sentry  
  75  7:12  Probe  
  75  7:15  Probe  
  75  7:20  Probe  
  72  7:24  Probe  
  71  7:34  Stalker x3, Protoss Ground Weapons Level 1 (Chrono Boost)  
  72  7:53  Stalker x4, Assimilator  
  72  7:54  Pylon  
  72  7:55  Assimilator  
  80  7:58  Robotics Bay  
  80  8:04  Probe  
  81  8:05  Charge  
  81  8:10  Zealot  
  81  8:12  Probe x2  
  85  8:14  Immortal (Chrono Boost)  
  85  8:18  Probe  
  90  8:22  Zealot x4  
  90  8:26  Photon Cannon  
  98  8:29  Photon Cannon  
  98  8:37  Zealot  
  100  8:44  Pylon  
  100  8:48  Pylon  
  100  8:53  Zealot x4  
  111  8:55  Disruptor (Chrono Boost)  
  106  9:21  Stalker x4  
  106  9:22  Stalker  
  106  9:23  Pylon  
  120  9:26  Pylon  
  120  9:28  Disruptor (Chrono Boost)  
  118  9:46  Nexus  
  118  9:51  Nexus  
  118  9:53  Nexus  
  118  9:55  Mothership Core (Chrono Boost)  
  118  10:07  Disruptor  
  110  10:17  Zealot x5  
  118  10:25  Disruptor  
  118  10:26  Protoss Ground Armor Level 1  
  118  10:30  Disruptor  
  118  10:34  Zealot x3  
  114  10:36  Zealot  
  116  10:49  Zealot  
  122  10:50  Disruptor (Chrono Boost)  
  114  11:21  Zealot x5  
  108  11:29  Disruptor (Chrono Boost)  
  106  11:36  Gateway  
  106  11:40  Gateway, Pylon, Photon Cannon  
  106  11:41  Zealot x5  
  106  11:42  Photon Cannon  
  106  11:44  Assimilator  
  106  11:45  Assimilator  
  116  11:48  Templar Archives  
  114  12:04  Disruptor (Chrono Boost)  
  114  12:06  Zealot x5  
  122  12:20  Photon Cannon  
  122  12:21  Photon Cannon x2  
  114  12:30  Stalker x4  
  122  12:44  High Templar  
  124  12:51  High Templar x2  
  124  12:54  High Templar x3  
  134  13:01  Archon x2  
  134  13:02  Archon, High Templar  
  136  13:06  Warp Prism  
  136  13:10  Forge  
  138  13:14  Disruptor  
  138  13:18  Zealot x3  
  144  13:20  Zealot  
  146  13:28  Dark Shrine, Disruptor  
  146  13:32  Zealot  
  146  13:33  Zealot x2  
  152  13:39  Disruptor  
  152  13:44  Zealot x3  
  152  13:45  Zealot  
  152  13:46  Disruptor  
  154  13:58  Zealot x3  
  145  14:17  Zealot x4  
  145  14:20  Zealot x3  
Tags
 
Add a new tag
Caveats
  • Supply blocks, unpowered buildings, or Contaminate may cause inaccurate times.
  • Supply counts are checked every 10 seconds.